 Dungeon Crawl Stone Soup version 0.29.1-12-g30fa7ad0bf (webtiles) character file.

Game seed: 9964235252111140704

92 LustLizard the Gusty (level 4, -3/35 HPs)
             Began as a Demigod Air Elementalist on Jan 18, 2023.
             Slain by a water moccasin (8 damage)
             ... on level 3 of the Dungeon.
             The game lasted 00:04:36 (3329 turns).

LustLizard the Gusty (Demigod Air Elementalist)     Turns: 3329, Time: 00:04:37

Health: -3/35      AC:  3    Str: 13    XL:     4   Next: 13%
Magic:  1/9        EV: 12    Int: 17    God:
Gold:   116        SH:  0    Dex: 14    Spells: 3/7 levels left

rFire   . . .      SeeInvis .   f - +0 short sword
rCold   . . .      Faith    .   (no shield)
rNeg    + . .      Spirit   .   a - +1 robe
rPois   .          Reflect  .   (no helmet)
rElec   .          Harm     .   (no cloak)
rCorr   .          Rampage  .   (no gloves)
Will    .....                   (no boots)
Stlth   ++........              (no amulet)
HPRegen 0.11/turn               m - ring of positive energy
MPRegen 0.11/turn               (no ring)

@: lethally poisoned (-3 -> -10)
A: high MP 1, forlorn, divine attributes
a: no special abilities


You were on level 3 of the Dungeon.
You visited 1 branch of the dungeon, and saw 3 of its levels.

You collected 116 gold pieces.

Inventory:

Hand Weapons
 d - a +0 dagger
 f - a +0 short sword (weapon)
Armour
 a - a +1 robe (worn)
Jewellery
 m - a ring of positive energy (left hand)
Scrolls
 g - a scroll of immolation {unknown}
 j - a scroll of brand weapon {unknown}
 o - a scroll of enchant armour
Potions
 b - a potion of magic
 e - a potion of cancellation
 h - a potion of berserk rage
 i - 3 potions of degeneration
 l - a potion of haste {unknown}
 n - a potion of attraction {unknown}


   Skills:
 + Level 1.1 Fighting
 - Level 1.7 Dodging
 + Level 2.2 Stealth
 + Level 2.1 Spellcasting
 * Level 2.2 Conjurations
 * Level 3.4 Air Magic


You had 3 spell levels left.
You knew the following spells:

 Your Spells              Type           Power      Damage    Failure   Level
a - Shock                 Conj/Air       44%        1d5       6%          1
b - Swiftness             Air            13%        N/A       14%         3

Your spell library contained the following spells:

 Spells                   Type           Power      Damage    Failure   Level
 Static Discharge         Conj/Air       11%        3-5/arc   9%          2
 Airstrike                Air            6%         2d(1-17)  41%         4


Dungeon Overview and Level Annotations

Branches:
Dungeon (3/15)

Annotations:
D:3 exclusion: water moccasin


Innate Abilities, Weirdness & Mutations

You have an increased reservoir of magic. (+10% MP)
You shall have no god before yourself.
Your divine heritage dramatically boosts your attributes as you level up.


Message History

Unknown command.
You miss the water moccasin.
The water moccasin is moderately wounded.
The water moccasin barely misses you.
You closely miss the water moccasin.
The water moccasin is moderately wounded.
The water moccasin barely misses you. The water moccasin bites you.
Your magical contamination has completely faded away.
You hit the water moccasin.
The water moccasin is heavily wounded.
The water moccasin bites you.
You are poisoned.
The water moccasin poisons you!
You barely miss the water moccasin.
The water moccasin is heavily wounded.
You feel very sick. The water moccasin bites you!
You are lethally poisoned!
The water moccasin poisons you!
The water moccasin bites you but does no damage.
Aiming: Shock (safe; 6% risk of failure)
Press: ? - help, Q - select action Shift-Dir - straight line, f/p - water moccasin
Aim: a water moccasin (heavily wounded, 48% to hit)
Okay, then.
You feel better. The water moccasin closely misses you.
You barely miss the water moccasin.
The water moccasin is heavily wounded.
The water moccasin bites you.
You are poisoned.
The water moccasin poisons you! The water moccasin bites you.
You hit the water moccasin.
The water moccasin is heavily wounded.
* * * LOW HITPOINT WARNING * * *
You feel very sick.
The water moccasin bites you but does no damage.
You hit the water moccasin but do no damage.
The water moccasin is heavily wounded.
* * * LOW HITPOINT WARNING * * *
You feel sick. The water moccasin bites you!
You die...

.........#.....##......##........
.........#.....##.#.....+........
#####....#.....##.#######........
#....#.....##.....#. ...#....
#..[.##............. ...#.##.
#....##............. #. #.
#....#............ . #.
#...#...S.##.. .S. ##
#...#..@..##....... +.
#................. ##
#.............##.. ...
#.............##.# #####
#.............##.###....
###...........##........
#...........'....##.##
#...........####.#....
#####..........#.###.#


You could see a water moccasin.

Vanquished Creatures
  2 adders (D:2)
  2 worms
  A dart slug (D:1)
  3 endoplasms
  5 giant cockroaches
  3 goblins
  11 hobgoblins
  5 jackals
  7 kobolds
  4 quokkas
  5 ball pythons
  4 bats
  5 rats
57 creatures vanquished.

Vanquished Creatures (others)
  2 plants (D:1)
2 creatures vanquished.

Grand Total: 59 creatures vanquished

Notes
Turn   | Place    | Note
-------+----------+-------------------------------------------
     0 | D:1      | LustLizard the Demigod Air Elementalist began the quest for
                  | the Orb.
     0 | D:1      | Reached XP level 1. HP: 14/14 MP: 5/5
    26 | D:1      | Reached skill level 1 in Conjurations
   281 | D:1      | Reached XP level 2. HP: 7/20 MP: 0/7
   538 | D:1      | Reached skill level 3 in Air Magic
  1306 | D:1      | Reached XP level 3. HP: 27/27 MP: 6/8
  2111 | D:2      | Learned a level 3 spell: Swiftness
  2620 | D:2      | Reached skill level 1 in Fighting
  2661 | D:2      | Reached XP level 4. HP: 35/35 MP: 4/9
  2984 | D:3      | Noticed a water moccasin
  3329 | D:3      | Slain by a water moccasin

Illustrated notes

Levels and vault maps discovered:
D:1:      elethiomel_arrival_quiet, layout_basic,
          dreamdust_ecumenical_altar_statues, serial_bayou_crossing
D:2:      layout_basic, minmay_misc_feat_more_columns
D:3:      layout_basic

Skill      XL: |  1  2  3 |
---------------+----------+-----
Conjurations   | 1 2 |  2.2
Air Magic      | 3 |  3.4
Stealth        | 2 |  2.2
Spellcasting   | 2 |  2.1
Fighting       | 1 |  1.1
Dodging        | |  1.7

Action                   |  1- 3 |  4- 6 || total
-------------------------+-------+-------++-------
Melee: Dagger            |     4 |       ||     4
       Short sword       |     8 |     7 ||    15
 Cast: Shock             |   115 |    26 ||   141
  Use: Scroll            |       |     5 ||     5
       Potion            |       |     3 ||     3
Armor: Robe              |     2 |     2 ||     4
Dodge: Dodged            |    14 |     7 ||    21
